[Event "Titled Tuesday Blitz May 03 Early 2022"]
[White "Rabineau, Clement"]
[Black "Csonka, Balazs"]
[WhiteFideId "628891"]
[BlackFideId "742910"]
[WhiteElo "2237"]
[BlackElo "2404"]
[Result "1-0"]
[Round "10"]
[TimeControl "180+1"]
[Date "2022.05.03"]
[WhiteClock "0:00:10"]
[BlackClock "0:00:08"]

1. e4 e5 2. Nf3 Nc6 3. Bb5 a6 4. Bxc6 dxc6 5. d4 exd4 6. Qxd4 Qxd4 7. Nxd4 Bd7 8. Nc3 O-O-O 9. Be3 Bb4 10. Ne2 f5 11. a3 Bxc3+ 12. Nxc3 Nf6 13. Bg5 fxe4 14. O-O-O Bf5 15. Rxd8+ Rxd8 16. Re1 Rf8 17. Bh4 h6 18. Bxf6 Rxf6 19. Kd2 b5 20. Ke3 a5 21. Re2 Re6 22. Kf4 Bh7 23. Nxe4 b4 24. axb4 axb4 25. f3 c5 26. c3 g5+ 27. Ke3 Kd7 28. Rd2+ Kc6 29. Re2 Kb5 30. Rd2 Kc4 31. cxb4 cxb4 32. Rc2+ Kb3 33. Rxc7 Bxe4 34. fxe4 Kxb2 35. Kd4 b3 36. e5 Ka1 37. Ra7+ Kb1 38. Kd5 Re8 39. e6 b2 40. Rb7 Kc2 41. Rc7+ Kd2 42. Rb7 Kc3 43. Kd6 Kc2 44. e7 b1=Q 45. Rxb1 Kxb1 46. Kd7 Rh8 47. e8=Q Rxe8 48. Kxe8 Kc2 49. Kf7 h5 50. Kg6 h4 51. Kxg5 h3 52. gxh3 Kd3 53. h4 Ke4 54. h5 Ke5 55. Kg6 Ke6 56. h6 Ke7 57. Kg7 1-0


[Site "https://www.chess.com"]

[Event "Titled Tuesday Blitz May 03 Early 2022"]
[White "Rasulov, Vugar"]
[Black "Lashkin, Jegor"]
[WhiteFideId "13402390"]
[BlackFideId "13907808"]
[WhiteElo "2560"]
[BlackElo "2368"]
[Result "1-0"]
[Round "10"]
[TimeControl "180+1"]
[Date "2022.05.03"]
[WhiteClock "0:01:32"]
[BlackClock "0:00:02"]

1. d4 Nf6 2. c4 e6 3. Nf3 d5 4. Nc3 Bb4 5. Bg5 dxc4 6. e4 h6 7. Bxf6 Qxf6 8. Bxc4 c5 9. e5 Qd8 10. O-O O-O 11. Ne4 cxd4 12. a3 Be7 13. Qe2 Qb6 14. Rfd1 Rd8 15. Ng3 Bd7 16. Rxd4 Bc6 17. Rg4 Nd7 18. Nh5 g6 19. Bxe6 Bxf3 20. Bxf7+ Kxf7 21. Qxf3+ Kg8 22. Nf6+ Bxf6 23. Rxg6+ Kf7 24. Qh5 Nxe5 25. Rxh6+ Kg8 26. Re1 Re8 27. Re3 Bg7 28. Rxb6 axb6 29. h3 Nf7 30. Rg3 Re7 31. Qh4 Rae8 32. Qd4 Ne5 33. Qxb6 Nc6 34. b4 Re1+ 35. Kh2 R1e7 36. b5 Ne5 37. Qc5 Nd7 38. Qd5+ Kf8 39. Qxb7 Nf6 40. Qc6 Ne4 41. Rf3+ Kg8 42. b6 Be5+ 43. g3 Nd6 44. a4 Nf7 45. a5 Bg7 46. a6 Ne5 47. Qd5+ Kh8 48. a7 Nxf3+ 49. Qxf3 Re6 50. a8=Q 1-0


[Site "https://www.chess.com"]

[Event "Titled Tuesday Blitz May 03 Early 2022"]
[White "Ratnakaran, K."]
[Black "Rustemov, Alexander"]
[WhiteFideId "5005507"]
[BlackFideId "4119002"]
[WhiteElo "2407"]
[BlackElo "2708"]
[Result "0-1"]
[Round "10"]
[TimeControl "180+1"]
[Date "2022.05.03"]
[WhiteClock "0:01:19"]
[BlackClock "0:00:33"]

1. e4 e6 2. d4 d5 3. e5 c5 4. c3 Qb6 5. Nf3 Bd7 6. Be2 Bb5 7. O-O Bxe2 8. Qxe2 Qa6 9. Qe3 cxd4 10. cxd4 Bb4 11. a3 Ne7 12. Qg5 Ng6 13. h4 Be7 14. Qh5 Nc6 15. Nc3 Rc8 16. Bg5 h6 17. Be3 Na5 18. Rac1 Nc4 19. Rc2 Nxe3 20. fxe3 Qd3 21. Rff2 O-O 22. Rce2 Bxa3 23. Ne1 Qc4 24. Nd1 Bb4 25. Qg4 Qc1 26. Rc2 Rxc2 27. Rxc2 Qb1 28. Rc7 Bxe1 29. h5 Nh4 30. Rxb7 Nf5 31. Qe2 Bh4 32. g4 Nxe3 33. Qxe3 Qxd1+ 34. Kg2 Qxg4+ 0-1


[Site "https://www.chess.com"]

[Event "Titled Tuesday Blitz May 03 Early 2022"]
[White "Reprintsev, Alexander"]
[Black "Kosteniuk, Alexandra"]
[WhiteFideId "14100541"]
[BlackFideId "4128125"]
[WhiteElo "2108"]
[BlackElo "2469"]
[Result "1-0"]
[Round "10"]
[TimeControl "180+1"]
[Date "2022.05.03"]
[WhiteClock "0:00:25"]
[BlackClock "0:00:09"]

1. e4 c6 2. Nc3 d5 3. Nf3 dxe4 4. Nxe4 Nf6 5. Qe2 Nxe4 6. Qxe4 Nd7 7. Bc4 Nf6 8. Qe2 Bf5 9. d3 e6 10. Nh4 Bg4 11. f3 Bh5 12. g3 Be7 13. Bd2 Nd5 14. Ng2 Qb6 15. O-O-O O-O-O 16. Nf4 Bf6 17. c3 Bg6 18. h4 Nxf4 19. Bxf4 h5 20. Be5 Qc5 21. d4 Qa5 22. Bxf6 gxf6 23. Bb3 Qf5 24. Bc2 Qxc2+ 25. Qxc2 Bxc2 26. Kxc2 Rdg8 27. Rhg1 f5 28. f4 Rg4 29. Rg2 Rhg8 30. Rdg1 Kd7 31. Kd3 Kd6 32. Ke3 f6 33. Kf3 a5 34. a4 e5 35. dxe5+ fxe5 36. fxe5+ Kxe5 37. Re1+ Kf6 38. Ree2 Rxa4 39. Rd2 Rag4 40. Rd6+ Kg7 41. Re2 Rg6 42. Re7+ Kh6 43. Rxg6+ Rxg6 44. Rxb7 Rd6 45. Ra7 Kg6 46. Rxa5 Rd2 47. Rc5 Rd6 48. b4 Re6 49. c4 Rd6 50. b5 cxb5 51. cxb5 Rd3+ 52. Kf4 Rd4+ 53. Ke5 Re4+ 54. Kd5 Re3 55. Rc6+ Kf7 56. Rh6 Rxg3 57. Rxh5 Rd3+ 58. Kc4 Rf3 59. b6 Rf1 60. b7 Rb1 61. Rxf5+ 1-0


[Site "https://www.chess.com"]

[Event "Titled Tuesday Blitz May 03 Early 2022"]
[White "Rom, Jasper"]
[Black "Borgaonkar Akshay"]
[WhiteFideId "2023733"]
[BlackFideId "25639110"]
[WhiteElo "2233"]
[BlackElo "1624"]
[Result "0-1"]
[Round "10"]
[TimeControl "180+1"]
[Date "2022.05.03"]
[WhiteClock "0:00:02"]
[BlackClock "0:00:40"]

1. e4 c5 2. Nc3 e6 3. f4 a6 4. g3 b5 5. Bg2 Bb7 6. Nh3 Nf6 7. d3 Qb6 8. Be3 h5 9. O-O Ng4 10. Bd2 c4+ 11. Nf2 Bc5 12. Qe2 Nxf2 13. Rxf2 Bxf2+ 14. Qxf2 Qxf2+ 15. Kxf2 cxd3 16. cxd3 Nc6 17. Be3 d6 18. d4 h4 19. g4 h3 20. Bf3 e5 21. fxe5 dxe5 22. d5 Ne7 23. b4 Rc8 24. Bc5 Ng6 25. a4 Nf4 26. Ke3 Ng2+ 27. Kd2 bxa4 28. Nxa4 Nh4 29. Be2 Rh6 30. Nb6 Rd8 31. Nc4 Rf6 32. Nxe5 Re6 33. Bd4 f6 34. dxe6 Rxd4+ 35. Kc3 fxe5 36. Bxa6 Bxe4 37. Bb5+ Ke7 38. Bc4 Bd5 39. Ra7+ Kxe6 40. Ra6+ Kd7 41. Ra7+ Kc6 42. Bxd5+ Rxd5 43. Rxg7 Nf3 44. Rh7 Nxh2 45. Rxh3 Nxg4 46. Rh6+ Kb5 47. Rh4 Nf6 48. Rh8 Ne4+ 49. Kb3 Rd3+ 50. Kc2 Rc3+ 51. Kb2 Kxb4 52. Rb8+ Kc4 53. Rc8+ Kd3 54. Rd8+ Ke3 55. Re8 Rc5 56. Rh8 Ng3 57. Rh3 Kf3 58. Rh8 e4 59. Rf8+ Rf5 60. Re8 e3 61. Kc3 e2 62. Kd2 Kf2 0-1


[Site "https://www.chess.com"]

[Event "Titled Tuesday Blitz May 03 Early 2022"]
[White "Sailer, Mike"]
[Black "Gottstein, Claudius-Thomas"]
[WhiteFideId "2012901"]
[BlackFideId "4653327"]
[WhiteElo "2109"]
[BlackElo "2109"]
[Result "1-0"]
[Round "10"]
[TimeControl "180+1"]
[Date "2022.05.03"]
[WhiteClock "0:02:31"]
[BlackClock "0:02:15"]

1. d4 d5 2. Nf3 Bf5 3. Bf4 e6 4. e3 Bd6 5. Bg3 Nf6 6. Bd3 Ne4 7. Nbd2 O-O 8. O-O Bxg3 9. hxg3 Nxd2 10. Qxd2 Bg6 11. Ne5 Nd7 12. Nxg6 hxg6 13. c4 c6 14. c5 e5 15. b4 Re8 16. a4 Qe7 17. b5 e4 18. Be2 f5 19. a5 Nf6 20. a6 cxb5 21. Bxb5 bxa6 22. Bxe8 Qxe8 23. Rxa6 1-0


[Site "https://www.chess.com"]

[Event "Titled Tuesday Blitz May 03 Early 2022"]
[White "Samant Aditya S"]
[Black "Saldano Dayer, Horacio"]
[WhiteFideId "35080580"]
[BlackFideId "103411"]
[WhiteElo "1916"]
[BlackElo "2419"]
[Result "1-0"]
[Round "10"]
[TimeControl "180+1"]
[Date "2022.05.03"]
[WhiteClock "0:01:39"]
[BlackClock "0:02:32"]

1. e4 e6 2. d4 d5 3. Nd2 Be7 4. Ngf3 Nf6 5. e5 Nfd7 6. Bd3 c5 7. c3 Nc6 8. O-O h5 9. Re1 cxd4 10. cxd4 g5 11. Nb3 g4 12. Nfd2 Nb4 13. Bb1 a5 14. a3 Nc6 15. a4 Nb4 16. Nf1 b6 17. Ne3 Nb8 18. Bd2 1-0


[Site "https://www.chess.com"]

[Event "Titled Tuesday Blitz May 03 Early 2022"]
[White "Sanchez, Robert"]
[Black "Priyanka, K"]
[WhiteFideId "2034360"]
[BlackFideId "5082986"]
[WhiteElo "2439"]
[BlackElo "1905"]
[Result "0-1"]
[Round "10"]
[TimeControl "180+1"]
[Date "2022.05.03"]
[WhiteClock "0:01:19"]
[BlackClock "0:01:10"]

1. e4 c5 2. Nf3 d6 3. d4 cxd4 4. Nxd4 Nf6 5. Nc3 a6 6. Be3 e5 7. Nb3 Be7 8. f3 Be6 9. Qd2 Nbd7 10. O-O-O O-O 11. g4 b5 12. g5 Nh5 13. Kb1 Rc8 14. Nd5 Bxd5 15. exd5 f5 16. gxf6 Ndxf6 17. Bh3 Rc4 18. Be6+ Kh8 19. Na5 Ra4 20. Nc6 Qc7 21. b3 Rh4 22. Bg5 Rf4 23. Bxf4 Nxf4 24. Nb4 a5 25. Nd3 N4xd5 26. Rc1 Nc3+ 27. Ka1 d5 28. Rhe1 e4 29. fxe4 Nfxe4 30. Rxe4 dxe4 31. Nb2 Bf6 32. Rf1 Qe7 33. Bg4 Qa3 0-1


[Site "https://www.chess.com"]

[Event "Titled Tuesday Blitz May 03 Early 2022"]
[White "Sarana, Alexey"]
[Black "Kollars, Dmitrij"]
[WhiteFideId "24133795"]
[BlackFideId "12909572"]
[WhiteElo "2666"]
[BlackElo "2584"]
[Result "1-0"]
[Round "10"]
[TimeControl "180+1"]
[Date "2022.05.03"]
[WhiteClock "0:00:18"]
[BlackClock "0:00:01"]

1. d4 Nf6 2. c4 e6 3. Nc3 Bb4 4. e3 O-O 5. Bd3 d5 6. a3 Bxc3+ 7. bxc3 dxc4 8. Bxc4 c5 9. Ne2 Qc7 10. Bd3 Nc6 11. O-O e5 12. Ng3 Be6 13. f4 exd4 14. cxd4 Rad8 15. Rb1 Rfe8 16. Nh5 Nxh5 17. Qxh5 f5 18. dxc5 Ne7 19. Bb2 Bf7 20. Qg5 Bg6 21. Bc4+ Kh8 22. Rf3 Nd5 23. Bd4 b6 24. Rh3 Re6 25. cxb6 axb6 26. Rd1 Rd7 27. Bb3 Red6 28. Bxd5 Qc2 29. Rf1 Qd2 30. Bf3 Kg8 31. Rd1 Qc2 32. Qh4 Re6 33. Qe1 Qb3 34. Qb4 1-0


[Site "https://www.chess.com"]

[Event "Titled Tuesday Blitz May 03 Early 2022"]
[White "Shimanov, Aleksandr"]
[Black "Lazavik, Denis"]
[WhiteFideId "4198603"]
[BlackFideId "13515110"]
[WhiteElo "2636"]
[BlackElo "2437"]
[Result "0-1"]
[Round "10"]
[TimeControl "180+1"]
[Date "2022.05.03"]
[WhiteClock "0:00:01"]
[BlackClock "0:00:10"]

1. b3 d5 2. Bb2 c6 3. Nf3 Bf5 4. d3 Nf6 5. Nbd2 e6 6. g3 h6 7. Bg2 Be7 8. Ne5 O-O 9. e4 Bh7 10. O-O Nbd7 11. Nxd7 Nxd7 12. Qe2 Bf6 13. d4 a5 14. c4 dxe4 15. Nxe4 Be7 16. Rad1 Bxe4 17. Bxe4 Nf6 18. Bf3 a4 19. Qc2 axb3 20. axb3 Qb6 21. Ra1 Rfd8 22. Kg2 Ne8 23. Rxa8 Rxa8 24. d5 cxd5 25. cxd5 exd5 26. Bxd5 Bf6 27. Qg6 Qc7 28. Bc1 Qd7 29. Qe4 Rd8 30. Bc4 Nd6 31. Qd5 Nxc4 32. Qxc4 b5 33. Qe4 Qd3 34. Qe3 Qd5+ 35. Kg1 Rc8 36. Qe2 Qxb3 37. Be3 Qc4 38. Qf3 Qc6 39. Qf5 Rb8 40. Rd1 Qe6 41. Qxe6 fxe6 42. Rd3 b4 43. Rb3 Bc3 44. Kf1 Kf7 45. Ke2 e5 46. Kd3 Ke6 47. Kc4 Rc8+ 48. Kd3 Kd5 49. Rb1 e4+ 50. Kc2 Kc4 51. Rd1 b3+ 52. Kc1 Ra8 0-1


[Site "https://www.chess.com"]

[Event "Titled Tuesday Blitz May 03 Early 2022"]
[White "Shohat, Yotam"]
[Black "Petrova, Irina"]
[WhiteFideId "2813955"]
[BlackFideId "14124122"]
[WhiteElo "2119"]
[BlackElo "1993"]
[Result "1-0"]
[Round "10"]
[TimeControl "180+1"]
[Date "2022.05.03"]
[WhiteClock "0:00:01"]
[BlackClock "0:00:01"]

1. e4 c5 2. Nf3 Nc6 3. Nc3 Nf6 4. d4 cxd4 5. Nxd4 e5 6. Ndb5 d6 7. Bg5 a6 8. Bxf6 gxf6 9. Na3 Bg7 10. Nc4 Bf8 11. Nd5 b5 12. Ncb6 Rb8 13. Nxc8 Rxc8 14. c3 Bg7 15. Bd3 O-O 16. O-O Ne7 17. Nxe7+ Qxe7 18. a4 Rb8 19. axb5 axb5 20. Qb3 b4 21. cxb4 f5 22. b5 fxe4 23. Bxe4 Kh8 24. Qh3 f5 25. Bxf5 Bf6 26. Bd7 e4 27. Bc6 Bxb2 28. Rae1 Bd4 29. Rxe4 Qa7 30. Re2 Rf7 31. Qh4 Rbf8 32. h3 Qc5 33. Qg3 Qa7 34. Qxd6 Rxf2 35. Rexf2 Rxf2 36. Rxf2 Qa1+ 37. Kh2 Be5+ 38. Qxe5+ Qxe5+ 39. g3 Qe3 40. Kg2 Kg7 41. Rf3 Qe2+ 42. Rf2 Qe3 43. h4 h5 44. Rb2 Qd4 45. Re2 Kf6 46. Kf3 Kf5 47. Kg2 Kf6 48. Rf2+ Ke5 49. Rf4 Qd2+ 50. Kh3 Qd8 51. Re4+ Kf6 52. Rf4+ Ke5 53. Rf1 Qc8+ 54. Kg2 Qb8 55. Rb1 Qb6 56. Rd1 Qa7 57. Rd5+ Ke6 58. Rxh5 Qa2+ 59. Kh3 Qe2 60. Rh6+ Kf5 61. Rh8 Qf1+ 62. Kh2 1-0


[Site "https://www.chess.com"]

[Event "Titled Tuesday Blitz May 03 Early 2022"]
[White "Shuvalov, Evgenij"]
[Black "Dang, Hoang Son"]
[WhiteFideId "4187237"]
[BlackFideId "12402435"]
[WhiteElo "2130"]
[BlackElo "2252"]
[Result "0-1"]
[Round "10"]
[TimeControl "180+1"]
[Date "2022.05.03"]
[WhiteClock "0:00:11"]
[BlackClock "0:00:10"]

1. Nf3 Nf6 2. c4 g6 3. Nc3 Bg7 4. e4 O-O 5. d4 d6 6. Be2 e5 7. O-O Nc6 8. d5 Ne7 9. Ne1 Nd7 10. Be3 f5 11. f3 f4 12. Bf2 g5 13. Rc1 Ng6 14. c5 Nxc5 15. b4 Na6 16. Nb5 b6 17. Qa4 Rf7 18. Nd3 Nb8 19. Nxc7 Rxc7 20. Bxb6 Qd7 21. Qxd7 Rxd7 22. Rxc8+ Bf8 23. Ba5 Ne7 24. Rc2 a6 25. Nf2 Rb7 26. Rfc1 Nd7 27. Rc7 Rba7 28. Bxa6 h5 29. Bb5 Nf6 30. a4 g4 31. Bb6 Rxa4 32. Bxa4 Rxa4 33. Ba5 g3 34. hxg3 fxg3 35. Nh3 Bh6 36. Re1 Ng6 37. Rc2 Ra3 38. Bb6 Rb3 39. Bc7 Ne8 40. Ba5 h4 41. Kf1 Kf7 42. Ra1 Be3 43. Ke2 Bd4 44. Rac1 Re3+ 45. Kd2 Nf4 46. Nxf4 exf4 47. Rc4 Be5 48. Re1 Ra3 49. Rc2 h3 50. gxh3 Rxf3 51. Re2 Rb3 52. Bb6 f3 53. Re3 Bf4 54. Rc8 Nf6 55. Rc7+ Kg6 56. Bd4 Nxe4+ 57. Kc2 Rxe3 58. Bxe3 Bxe3 59. Kd3 g2 60. Rc8 Nf6 61. Rc1 Bxc1 0-1


[Site "https://www.chess.com"]

[Event "Titled Tuesday Blitz May 03 Early 2022"]
[White "Shyaamnikhil P"]
[Black "Suarez Uriel, Adrian"]
[WhiteFideId "5024218"]
[BlackFideId "22230874"]
[WhiteElo "2329"]
[BlackElo "2316"]
[Result "1-0"]
[Round "10"]
[TimeControl "180+1"]
[Date "2022.05.03"]
[WhiteClock "0:01:42"]
[BlackClock "0:02:18"]

1. e4 d6 2. d4 Nf6 3. Nc3 e5 4. Nf3 Nbd7 5. g4 Nxg4 6. Rg1 Ngf6 7. Bc4 h6 8. dxe5 dxe5 9. Nh4 g6 10. Qd3 Bc5 11. Bxf7+ Kxf7 12. Qc4+ Ke8 13. Nxg6 Bxf2+ 14. Kxf2 Nb6 15. Qc5 Qd4+ 16. Qxd4 exd4 17. Nxh8 dxc3 18. bxc3 Be6 19. Rg6 Ke7 20. Ba3+ Kd7 21. Rd1+ Kc6 22. Rxf6 1-0


[Site "https://www.chess.com"]

[Event "Titled Tuesday Blitz May 03 Early 2022"]
[White "Skliarov, Viktor"]
[Black "Mirzoev, Azer"]
[WhiteFideId "14106736"]
[BlackFideId "13400304"]
[WhiteElo "2229"]
[BlackElo "2525"]
[Result "1-0"]
[Round "10"]
[TimeControl "180+1"]
[Date "2022.05.03"]
[WhiteClock "0:00:08"]
[BlackClock "0:00:16"]

1. e4 c6 2. d4 d5 3. e5 Bf5 4. Nf3 e6 5. Be2 Nd7 6. O-O Ne7 7. Nbd2 Nc8 8. Nb3 Be7 9. Be3 O-O 10. c3 Ncb6 11. a4 Nc4 12. Bxc4 dxc4 13. Nbd2 b5 14. a5 a6 15. Re1 c5 16. Nf1 Rc8 17. d5 exd5 18. Qxd5 Qc7 19. Ng3 Be6 20. Qe4 Qc6 21. Qxc6 Rxc6 22. Bg5 f6 23. exf6 gxf6 24. Bh6 Rd8 25. Nf5 Bf8 26. Bxf8 Bxf5 27. Bh6 Kf7 28. Re3 Re6 29. Rae1 Rxe3 30. Rxe3 Nb8 31. h3 Nc6 32. g4 Rd1+ 33. Kh2 Be6 34. g5 Bd5 35. Kg3 Nxa5 36. gxf6 Bxf3 37. Rxf3 Nc6 38. Bg5 Rd3 39. Be3 Ne5 40. Rf5 Nd7 41. Kg2 Rd6 42. Bxc5 Rxf6 43. Rd5 Rg6+ 44. Kf1 Nf6 45. Rd6 Ne4 46. Rd7+ Ke6 47. Re7+ Kd5 48. Bd4 h6 49. Re5+ Kd6 50. Rxe4 a5 51. Rg4 Re6 52. f4 b4 53. f5 Re8 54. f6 Kd5 55. f7 Rf8 56. Rf4 Ke6 57. cxb4 axb4 58. Bc5 Rxf7 59. Rxf7 Kxf7 60. Bxb4 Ke6 61. Ke2 Kd5 62. Ke3 Ke5 63. Bc3+ Kd5 64. Kf4 Kc5 65. Kf5 Kb5 66. Kg6 Ka4 67. Kxh6 Kb3 68. Kg5 1-0


[Site "https://www.chess.com"]

[Event "Titled Tuesday Blitz May 03 Early 2022"]
[White "Souleidis, Georgios"]
[Black "Buscar, Michael"]
[WhiteFideId "4206827"]
[BlackFideId "2603616"]
[WhiteElo "2401"]
[BlackElo "2010"]
[Result "1-0"]
[Round "10"]
[TimeControl "180+1"]
[Date "2022.05.03"]
[WhiteClock "0:00:57"]
[BlackClock "0:00:03"]

1. e4 c5 2. Be2 Nf6 3. d3 e5 4. f4 d6 5. Nf3 Nc6 6. O-O Bg4 7. fxe5 dxe5 8. Bg5 Be7 9. Nc3 h6 10. Bxf6 gxf6 11. Nh4 Be6 12. Bg4 Qd4+ 13. Kh1 O-O-O 14. Nf5 Qd7 15. Nd5 Rdg8 16. Bh3 Bd8 17. c3 Kb8 18. Qf3 Rg6 19. a3 Ne7 20. c4 Rhg8 21. b4 Bxf5 22. exf5 Rg5 23. Nxf6 Qd6 24. Nxg8 Rxg8 25. bxc5 Qxc5 26. Rab1 Bb6 27. Rb5 Qd4 28. c5 1-0


[Site "https://www.chess.com"]

[Event "Titled Tuesday Blitz May 03 Early 2022"]
[White "Srihari L R"]
[Black "Coto Mederos, Michel"]
[WhiteFideId "46617116"]
[BlackFideId "3508528"]
[WhiteElo "2121"]
[BlackElo "2427"]
[Result "1-0"]
[Round "10"]
[TimeControl "180+1"]
[Date "2022.05.03"]
[WhiteClock "0:00:16"]
[BlackClock "0:00:03"]

1. Nf3 d5 2. g3 Nf6 3. Bg2 c5 4. O-O Nc6 5. d3 e6 6. Nbd2 Be7 7. e4 dxe4 8. dxe4 e5 9. Qe2 Qc7 10. c3 O-O 11. a4 h6 12. Nh4 Rd8 13. Nc4 Be6 14. Nf5 Bf8 15. f4 Bxf5 16. exf5 Re8 17. Bxc6 Qxc6 18. fxe5 Nd5 19. Bf4 f6 20. e6 Rad8 21. Bd2 Bd6 22. Qg4 Kh8 23. b3 Ne7 24. Rad1 Bb8 25. Bf4 Qe4 26. Rfe1 Rxd1 27. Qxd1 Qxf5 28. Bxb8 Rxb8 29. Qd6 Re8 30. Qd7 Qh5 31. Nd6 Rg8 32. Qxe7 b5 33. axb5 Qd5 34. Nf7+ Kh7 35. Qd6 Qxb3 36. Qd3+ g6 37. Qd7 Rg7 38. Qd8 Rg8 39. Qxf6 Qxb5 40. e7 c4 41. Nd6 Qc5+ 42. Qd4 Qxd4+ 43. cxd4 1-0


[Site "https://www.chess.com"]

[Event "Titled Tuesday Blitz May 03 Early 2022"]
[White "Stanisz, Patryk"]
[Black "Murtazin, Bulat"]
[WhiteFideId "1123106"]
[BlackFideId "24151351"]
[WhiteElo "1833"]
[BlackElo "2329"]
[Result "0-1"]
[Round "10"]
[TimeControl "180+1"]
[Date "2022.05.03"]
[WhiteClock "0:00:17"]
[BlackClock "0:00:19"]

1. Nf3 Nf6 2. g3 g6 3. Bg2 Bg7 4. O-O O-O 5. d4 d6 6. c4 Nc6 7. Nc3 Bf5 8. Nh4 Bd7 9. Nf3 e5 10. dxe5 dxe5 11. Nd5 e4 12. Ng5 Nxd5 13. cxd5 Nd4 14. Nxe4 c6 15. d6 Bg4 16. f3 Bf5 17. Be3 Bxe4 18. Bxd4 Bd5 19. e4 Be6 20. Bxg7 Kxg7 21. Qd4+ f6 22. f4 Qb6 23. Qxb6 axb6 24. a3 Ra5 25. Rfd1 Rd8 26. Rd2 g5 27. Re1 h5 28. Bf3 h4 29. Kf2 Rb5 30. gxh4 gxf4 31. h5 Bf7 32. Bg4 Bxh5 33. Bxh5 Rxh5 34. Kf3 Kf7 35. Kxf4 Ke6 36. Red1 Rh3 37. Kg4 Rdh8 0-1


[Site "https://www.chess.com"]

[Event "Titled Tuesday Blitz May 03 Early 2022"]
[White "Stevens, Christian"]
[Black "Namitbir Singh Walia"]
[WhiteFideId "2604450"]
[BlackFideId "35071068"]
[WhiteElo "2497"]
[BlackElo "1565"]
[Result "1-0"]
[Round "10"]
[TimeControl "180+1"]
[Date "2022.05.03"]
[WhiteClock "0:00:09"]
[BlackClock "0:00:01"]

1. d4 Nf6 2. c4 e6 3. Nc3 Bb4 4. e3 c5 5. Nf3 b6 6. Bd3 Bb7 7. O-O Bxc3 8. bxc3 d6 9. Nd2 Nbd7 10. e4 O-O 11. f4 Rc8 12. Rf3 Ne8 13. Rh3 f5 14. exf5 exf5 15. d5 g6 16. Nf3 Ndf6 17. Ng5 Ng7 18. Qe1 Nfh5 19. Qf2 Qf6 20. Bd2 Rce8 21. a4 h6 22. Nf3 Re7 23. Kh1 Rfe8 24. Rg1 Bc8 25. Nh4 Bd7 26. Ra1 a5 27. Nf3 Kf7 28. Rh4 Kg8 29. h3 Qf7 30. g4 fxg4 31. hxg4 Nxf4 32. Bc2 Re2 33. Qg3 g5 34. Rxh6 Rg2 35. Nxg5 Rxg3 36. Nxf7 Rxg4 37. Nxd6 Re2 38. Bh7+ Kf8 39. Rf6+ Ke7 40. Rxf4 Rg5 41. Re4+ Rxe4 42. Bxg5+ 1-0


[Site "https://www.chess.com"]

[Event "Titled Tuesday Blitz May 03 Early 2022"]
[White "Subaste, Arman"]
[Black "Karavade, Eesha"]
[WhiteFideId "5221080"]
[BlackFideId "5012600"]
[WhiteElo "1856"]
[BlackElo "2258"]
[Result "1-0"]
[Round "10"]
[TimeControl "180+1"]
[Date "2022.05.03"]
[WhiteClock "0:00:22"]
[BlackClock "0:00:25"]

1. d4 Nf6 2. Nf3 d5 3. c4 e6 4. g3 Bb4+ 5. Bd2 Bxd2+ 6. Nbxd2 O-O 7. Bg2 c5 8. O-O cxd4 9. Nxd4 Nc6 10. Nxc6 bxc6 11. cxd5 cxd5 12. b4 Rb8 13. a3 Ba6 14. Nb3 Nd7 15. Qd2 Nb6 16. Nc5 Bc4 17. Rfc1 Nd7 18. Nxd7 Qxd7 19. Rxc4 Rfc8 20. Rac1 Rxc4 21. Rxc4 Qa4 22. Qc3 Qd1+ 23. Bf1 dxc4 24. Qxc4 h5 25. Qc7 Rd8 26. Qxa7 Qa1 27. e3 Rd1 28. Qb8+ Kh7 29. Qb5 g6 30. a4 Rb1 31. a5 Qc3 32. a6 Rxb4 33. Qa5 Qb3 34. a7 Ra4 35. a8=Q Rxa5 36. Qxa5 Qd1 37. Qc7 Kg7 38. Qe5+ Kg8 39. Qf6 Qe1 40. h4 Qd1 41. Kg2 Qd5+ 42. Qf3 Qd2 43. e4 Qd4 44. Qe3 Qd1 45. Be2 Qc2 46. Qd3 Qb2 47. Qe3 Kg7 48. e5 Kg8 49. Bf3 Qc2 50. Qf4 Qb2 51. Bc6 Qb6 52. Be8 Qb7+ 53. Kh2 Qe7 54. Bc6 Qc7 55. Be4 Qc4 56. Kg2 Qc3 57. Bf3 Qc5 58. Qf6 Qc3 59. Be4 Qd4 60. Bxg6 Qd5+ 61. Kh2 fxg6 62. Qxg6+ Kf8 63. Qxh5 Qe4 64. Qh6+ Ke7 65. Qf4 Qg6 66. Qf6+ Qxf6 67. exf6+ Kxf6 68. f4 Kf5 69. Kg2 Kg4 70. Kf2 Kh5 71. Kf3 1-0


[Site "https://www.chess.com"]

[Event "Titled Tuesday Blitz May 03 Early 2022"]
[White "Taboas Rodriguez, Daniel"]
[Black "Vysochin, Spartak"]
[WhiteFideId "2208466"]
[BlackFideId "14103516"]
[WhiteElo "2429"]
[BlackElo "2385"]
[Result "1-0"]
[Round "10"]
[TimeControl "180+1"]
[Date "2022.05.03"]
[WhiteClock "0:00:27"]
[BlackClock "0:00:01"]

1. d4 d5 2. c4 c6 3. cxd5 cxd5 4. Nc3 Nf6 5. Bf4 Nc6 6. e3 a6 7. Rc1 Bg4 8. Qb3 Na5 9. Qc2 Rc8 10. Bd3 e6 11. Nge2 Bd6 12. Bxd6 Qxd6 13. Qa4+ Nc6 14. h3 Bxe2 15. Bxe2 O-O 16. O-O Rc7 17. Qd1 Rfc8 18. Qd2 Na5 19. Bd3 Nc4 20. Bxc4 Rxc4 21. f3 h5 22. b3 R4c6 23. Ne2 Ne8 24. Rxc6 Rxc6 25. Rc1 g6 26. Rxc6 Qxc6 27. Qc3 Qxc3 28. Nxc3 Nd6 29. Kf2 Kf8 30. e4 dxe4 31. fxe4 Ke7 32. Ke3 f6 33. g4 Nf7 34. gxh5 gxh5 35. h4 Kd6 36. Ne2 e5 37. Ng3 exd4+ 38. Kxd4 Ne5 39. Nxh5 Nf3+ 40. Ke3 Nxh4 41. Nxf6 Ng2+ 42. Kd4 Nf4 43. Ne8+ Ke7 44. Nc7 Kd6 45. Nd5 Ne6+ 46. Ke3 Ke5 47. Nb4 Kd6 48. Nd3 a5 49. Kd2 Ng5 50. Ke3 Ne6 51. Nf4 Nc5 52. Kd4 Nd7 53. Nd3 b5 54. e5+ Kc6 55. e6 Nb6 56. Ke5 a4 57. Nb4+ Kc5 58. e7 Kxb4 59. e8=Q axb3 60. axb3 Kc5 61. Qe7+ Kc6 62. Qd6+ Kb7 63. Kd4 Nc8 64. Qe6 Nb6 65. Kc5 1-0


[Site "https://www.chess.com"]

[Event "Titled Tuesday Blitz May 03 Early 2022"]
[White "Tanenbaum, Zachary"]
[Black "Kozak, Antoni"]
[WhiteFideId "2060850"]
[BlackFideId "21832030"]
[WhiteElo "2168"]
[BlackElo "2236"]
[Result "0-1"]
[Round "10"]
[TimeControl "180+1"]
[Date "2022.05.03"]
[WhiteClock "0:00:06"]
[BlackClock "0:00:05"]

1. e4 c6 2. d4 d5 3. exd5 cxd5 4. Bd3 Nc6 5. c3 Qc7 6. Bg5 Nf6 7. Nd2 Bg4 8. Ngf3 e6 9. Bh4 Bd6 10. Qc2 Bh5 11. O-O Bg6 12. Bg3 Bxg3 13. hxg3 Bxd3 14. Qxd3 O-O 15. Rfe1 b5 16. Ne5 Nxe5 17. dxe5 Nd7 18. Nf3 Qc4 19. Qe3 Rfc8 20. Red1 Nf8 21. Rd4 Qc5 22. a4 bxa4 23. Qd2 Rab8 24. Rdxa4 Rb7 25. Ra5 Qb6 26. R1a2 h6 27. Ra6 Qc5 28. R2a5 Qc7 29. Qf4 Ng6 30. Qe3 Rxb2 31. Rxa7 Qxc3 32. Ra8 Qc6 33. Qa3 Rbb8 34. Rxb8 Rxb8 35. Kh2 Qb6 36. Qa2 Rd8 37. Ra6 Qb8 38. Qa1 d4 39. Nxd4 Nxe5 40. Nc6 Nxc6 41. Rxc6 Qb5 42. Rc1 Qh5+ 43. Kg1 Qf5 44. Qb1 Qd5 45. Qc2 g6 46. Re1 Qg5 47. Qc7 Rd2 48. Rb1 Qf6 49. Qb6 Kg7 50. Kf1 Rd4 51. Kg1 Rd2 52. Qe3 Rd5 53. Re1 Rf5 54. Qd2 h5 55. Qe2 h4 56. gxh4 Qxh4 57. Qb2+ Kh7 58. Ra1 Rh5 59. Kf1 Qh1+ 60. Ke2 Qxg2 61. Ra7 Qe4+ 62. Kd2 Rd5+ 63. Kc1 Qe1+ 64. Kc2 Qxf2+ 65. Kb1 Qxa7 66. Qh2+ Kg8 67. Qb2 Qg1+ 68. Ka2 Ra5+ 69. Kb3 Rb5+ 70. Kc2 Rxb2+ 71. Kd3 Qb6 72. Ke4 Rb4+ 73. Ke5 Qd4# 0-1


[Site "https://www.chess.com"]

[Event "Titled Tuesday Blitz May 03 Early 2022"]
[White "Terzi, Alexei"]
[Black "Warchol, Kamil"]
[WhiteFideId "13505076"]
[BlackFideId "21858241"]
[WhiteElo "2031"]
[BlackElo "1910"]
[Result "1-0"]
[Round "10"]
[TimeControl "180+1"]
[Date "2022.05.03"]
[WhiteClock "0:00:40"]
[BlackClock "0:00:35"]

1. e4 c5 2. Nf3 e6 3. d3 Nc6 4. Nbd2 d5 5. Be2 Bd6 6. O-O Nge7 7. c3 O-O 8. Qc2 Qc7 9. Rd1 b5 10. a3 a5 11. Nf1 Ba6 12. Ng3 Qb7 13. Bf1 b4 14. c4 Rfd8 15. Re1 dxc4 16. dxc4 Nd4 17. Nxd4 cxd4 18. e5 Bc7 19. Bd3 h6 20. Nh5 Qb8 21. Bf4 Bb7 22. Qe2 Kh8 23. Qg4 Rg8 24. Qh3 Bc6 25. Nf6 Nf5 26. Bxf5 exf5 27. Bxh6 Bxg2 28. Qh4 1-0


[Site "https://www.chess.com"]